 Dungeon Sprint DCSS version 0.27-a0-1572-gacd6f1ce93 (webtiles) character file.

Game seed: 13850706622077534957

3851 Conn the Arsonist (level 10, -2/60 HPs)
             Began as an Octopode Fire Elementalist on July 17, 2021.
             Was a High Priest of Sif Muna.
             Slain by a fire elemental (10 damage)
             ... summoned by a deep elf pyromancer
             ... in the Dungeon (Sprint III: "The Ten Rune Challenge").
             The game lasted 00:14:54 (1747 turns).

Conn the Arsonist (Octopode Fire Elementalist)      Turns: 1747, Time: 00:14:55

Health: -2/60      AC:  1    Str:  8    XL:     10   Next: 18%
Magic:  12/25      EV: 15    Int: 21    God:    Sif Muna [*****.]
Gold:   727        SH:  0    Dex: 12    Spells: 11/31 levels left

rFire    . . .     SeeInvis .   o - +2 long sword (holy)
rCold    . . .     Faith    .   (no shield)
rNeg     . . .     Spirit   .   (helmet restricted)
rPois    .         Reflect  .   (no amulet)
rElec    .         Harm     .   (no ring)
rCorr    .         Rampage  .   (no ring)
Will     .....     NoTele   +   (no ring)
Stlth    +++++.....             (no ring)
HPRegen  0.20/turn              (no ring)
MPRegen  0.19/turn              (no ring)
                                (no ring)
                                (no ring)

@: no status effects
A: almost no armour, amphibious, 8 rings, camouflage 1, gelatinous body 1,
(nimble swimmer 1), tentacles
a: Renounce Religion, Channel Magic, Forget Spell, Divine Exegesis


You were in the Dungeon.
You worshipped Sif Muna.
Sif Muna was extremely pleased with you.
You visited 1 branch You collected 727 gold pieces.

Inventory:

Hand Weapons
 m - a +0 dagger
 o - a +2 long sword of holy wrath (weapon)
Wands
 n - a wand of flame (16)
Scrolls
 h - a scroll of immolation {unknown}
 i - a scroll of identify {unknown}
 k - a scroll of torment {unknown}
 l - 3 scrolls of magic mapping {unknown}
Potions
 a - 2 potions of curing
 c - 2 potions of haste
 d - a potion of magic
 e - a potion of berserk rage
 g - 3 potions of mutation {unknown}
 j - 4 potions of flight


   Skills:
 + Level 1.8 Fighting
 + Level 3.0(3.4) Short Blades
 + Level 2.3(3.0) Long Blades
 + Level 6.4 Dodging
 + Level 10.7 Stealth
 + Level 11.1 Spellcasting
 + Level 9.8 Conjurations
 + Level 2.2 Hexes
 + Level 13.6 Fire Magic
 * Level 2.1 Invocations
 + Level 0.1 Evocations


You had 11 spell levels left.
You knew the following spells:

 Your Spells              Type           Power      Damage    Failure   Level
a - Foxfire               Conj/Fire      100%       2x1d9     1%          1
b - Conjure Flame         Conj/Fire      57%        6-21      1%          3
c - Inner Flame           Hex/Fire       45%        N/A       1%          3
d - Sticky Flame          Conj/Fire      57%        2d7       1%          4
e - Fireball              Conj/Fire      28%        3d12      1%          5
f - Iskenderun's Mystic   Conj/Tloc      32%        2d8       8%          4

Your spell library contained the following spells:

 Spells                   Type           Power      Damage    Failure   Level
 Shock                    Conj/Air       100%       1d9       1%          1
 Dazzling Flash           Conj/Hex       74%        N/A       1%          3
 Starburst                Conj/Fire      28%        8x6d9     7%          6
 Swiftness                Air            11%        N/A       17%         3
 Airstrike                Air            5%         N/A       50%         4


Dungeon Overview and Level Annotations

Branches:
Dungeon (1/1)

Altars:
Cheibriados
Dithmenos
Elyvilon
Fedhas
Gozag
Hepliaklqana
Kikubaaqudgha
Makhleb
Nemelex Xobeh
Okawaru
Qazlal
Ru
Sif Muna
Trog
Uskayaw
Vehumet
Wu Jian
Xom
Yredelemnul
Zin
The Shining One
Beogh
Jiyva
Lugonu

Shops:
D [


Innate Abilities, Weirdness & Mutations

You cannot wear most types of armour.
You are amphibious.
You can wear up to eight rings at the same time.
Your skin changes colour to match your surroundings (Stealth+).
Your rubbery body absorbs attacks. (AC +1, EV +1)
((You are camouflaged near water. (Stealth+)))
You have tentacles for arms and can constrict up to eight enemies at once.


Message History

You riposte.
You hit the deep elf pyromancer.
Your grab misses the deep elf pyromancer.
The deep elf pyromancer is severely wounded.
Casting: Foxfire (safe; 1% risk of failure)
Confirm with . or Enter, or press ? or * to list all spells.
Okay, then.
Unknown command.
Casting: Foxfire (safe; 1% risk of failure)
Confirm with . or Enter, or press ? or * to list all spells.
Okay, then.
Unknown command.
Unknown command.
Casting: Foxfire (safe; 1% risk of failure)
Confirm with . or Enter, or press ? or * to list all spells.
Aiming: Sticky Flame (dangerous; 1% risk of failure)
Press: ? - help, Shift-Dir - straight line, f - deep elf pyromancer
Aim: a deep elf pyromancer, wielding a +0 long sword and wearing a +0 ring mail (severely wounded, 100% to hit)
The sticky flame hits the deep elf pyromancer.
The deep elf pyromancer is severely wounded.
The deep elf pyromancer is covered in liquid flames!
The deep elf pyromancer burns!
The deep elf pyromancer hits you with a +0 long sword!
The deep elf pyromancer burns!
The fire elemental hits you. The fire elemental burns you!
* * * LOW HITPOINT WARNING * * *
Unknown command.
Unknown command.
Unknown command.
Press: ? - help, v - describe, . - travel
Here: a fire elemental (summoned)
The floor.
Okay, then.
Unknown command.
Unknown command.
Unknown command.
Unknown command.
You feel less invigorated. The fire elemental hits you.
* * * LOW HITPOINT WARNING * * *
The fire elemental burns you!
You die...

▓ ▓▓▓ ▓▓▓
############.#######.########
#___#___#__#....@#e#..).#...#
#...#__.#._#.§...E○e.##.#...##≈
###'#'###'##.§)§..°.###.#...≈≈≈
#.......)..#.§§§....# #e#...##≈
'.⌠......).#)#.∩##### #eee..#
#...######'#)#### #######
#.⌠.#__#...#'######
#...#__#..)#....#)#
#'###__#...##.#).#.#


You could see a deep elf pyromancer and a fire elemental (summoned).

Vanquished Creatures
  An orc high priest (D)
  3 deep elf zephyrmancers (D)
  A deep elf pyromancer (D)
  A shadow (D)
  A spatial vortex (D)
  4 orc warriors (D)
  A necrophage (D)
  3 two-headed ogres (D)
  A water elemental (D)
  A scorpion (D)
  A jelly (D)
  2 orc priests (D)
  A wizard (D)
  2 orc wizards (D)
  A necromancer (D)
  A kobold demonologist (D)
  3 humans (D)
  5 orcs (D)
  An endoplasm (D)
  3 rats (D)
37 creatures vanquished.

Vanquished Creatures (others)
  147 foxfires (D)
  A plant (D)
148 creatures vanquished.

Grand Total: 185 creatures vanquished

Notes
Turn   | Place    | Note
-------+----------+-------------------------------------------
     0 | D        | Conn the Octopode Fire Elementalist began the quest for the
                  | Orb.
     0 | D        | Reached XP level 1. HP: 11/11 MP: 3/3
    80 | D        | Noticed a scorpion
    94 | D        | Reached skill level 4 in Fire Magic
    94 | D        | Reached XP level 2. HP: 17/17 MP: 3/6
   103 | D        | Killed a scorpion
   104 | D        | Reached skill level 6 in Fire Magic
   104 | D        | Reached XP level 3. HP: 21/21 MP: 2/8
   104 | D        | Reached XP level 4. HP: 27/27 MP: 2/10
   169 | D        | Learned a level 3 spell: Conjure Flame
   173 | D        | Learned a level 3 spell: Inner Flame
   178 | D        | Learned a level 4 spell: Sticky Flame
   179 | D        | Noticed a water elemental
   195 | D        | Killed a water elemental
   196 | D        | Reached skill level 7 in Fire Magic
   196 | D        | Reached XP level 5. HP: 31/31 MP: 8/12
   234 | D        | Found a hide-covered altar of Uskayaw.
   234 | D        | Found an iron altar of Okawaru.
   234 | D        | Found a bloodstained altar of Trog.
   234 | D        | Found an ornate altar of the Wu Jian Council.
   234 | D        | Noticed a human
   234 | D        | Noticed a human
   264 | D        | Killed a human
   265 | D        | Reached skill level 5 in Stealth
   265 | D        | Reached skill level 5 in Spellcasting
   265 | D        | Reached skill level 9 in Fire Magic
   265 | D        | Reached XP level 6. HP: 19/36 MP: 9/14
   280 | D        | Killed a human
   281 | D        | Reached skill level 5 in Dodging
   281 | D        | Reached skill level 10 in Fire Magic
   418 | D        | Learned a level 5 spell: Fireball
   442 | D        | Found a radiant altar of Vehumet.
   442 | D        | Found a shimmering blue altar of Sif Muna.
   442 | D        | Found an ancient bone altar of Kikubaaqudgha.
   445 | D        | Reached XP level 7. HP: 41/41 MP: 17/17
   452 | D        | Became a worshipper of Sif Muna the Loreminder
   469 | D        | Found a basalt altar of Yredelemnul.
   469 | D        | Found a shadowy altar of Dithmenos.
   469 | D        | Found a sacrificial altar of Ru.
   494 | D        | Reached skill level 5 in Conjurations
   549 | D        | Noticed a shadow
   550 | D        | Killed a shadow
   550 | D        | Reached * piety under Sif Muna
   551 | D        | Reached skill level 1 in Short Blades
   551 | D        | Reached skill level 11 in Fire Magic
   632 | D        | Found a blossoming altar of Fedhas.
   632 | D        | Found a stormy altar of Qazlal.
   633 | D        | Found a snail-covered altar of Cheibriados.
   633 | D        | Found a burning altar of Makhleb.
   633 | D        | Found a hazy altar of Hepliaklqana.
   633 | D        | Found a shimmering altar of Xom.
   633 | D        | Found an opulent altar of Gozag.
   633 | D        | Found a sparkling altar of Nemelex Xobeh.
   633 | D        | Found a corrupted altar of Lugonu.
   633 | D        | Found a viscous altar of Jiyva.
   633 | D        | Noticed a spatial vortex
   654 | D        | Found a glowing silver altar of Zin.
   654 | D        | Found a glowing golden altar of the Shining One.
   654 | D        | Found a white marble altar of Elyvilon.
   654 | D        | Noticed a deep elf pyromancer
   658 | D        | Killed a deep elf pyromancer
   659 | D        | Reached XP level 8. HP: 46/46 MP: 4/20
   767 | D        | Learned a level 4 spell: Iskenderun's Mystic Blast
   774 | D        | Reached ** piety under Sif Muna
   942 | D        | Reached *** piety under Sif Muna
   943 | D        | Reached skill level 1 in Hexes
   943 | D        | Reached skill level 12 in Fire Magic
  1106 | D        | Reached XP level 9. HP: 42/52 MP: 18/22
  1106 | D        | Noticed an orc high priest
  1130 | D        | Reached **** piety under Sif Muna
  1145 | D        | Killed an orc high priest
  1146 | D        | Reached skill level 1 in Fighting
  1146 | D        | Reached skill level 1 in Long Blades
  1146 | D        | Reached skill level 10 in Stealth
  1146 | D        | Reached skill level 10 in Spellcasting
  1323 | D        | Reached ***** piety under Sif Muna
  1402 | D        | Reached skill level 13 in Fire Magic
  1550 | D        | Found Conuicwo's Armour Shop.
  1580 | D        | Noticed a deep elf zephyrmancer
  1580 | D        | Noticed a deep elf zephyrmancer
  1580 | D        | Noticed a deep elf pyromancer
  1580 | D        | Noticed a deep elf zephyrmancer
  1580 | D        | Noticed a deep elf pyromancer
  1734 | D        | Killed a deep elf zephyrmancer
  1734 | D        | Killed a deep elf zephyrmancer
  1735 | D        | Reached XP level 10. HP: 36/60 MP: 7/24
  1743 | D        | Killed a deep elf zephyrmancer
  1747 | D        | Slain by a fire elemental

Illustrated notes

Levels and vault maps discovered:
D:        dungeon_sprint_mu [sprint_mu_entry_forest, sprint_mu_temple_rooms,
          sprint_mu_d1_spiders, sprint_mu_d2_genie, sprint_mu_d3_branching,
          sprint_mu_orc_legion, sprint_mu_elf_gauntlet, sprint_mu_hive_nellie,
          sprint_mu_lair_fedhas, sprint_mu_vaults_butterflies,
          sprint_mu_slime_circle, sprint_mu_swamp_cave, sprint_mu_snake_twists,
          sprint_mu_blade_basic, sprint_mu_crypt_chambers,
          sprint_mu_tomb_spiral, sprint_mu_vestibule_basic,
          sprint_mu_gehenna_hellfire, sprint_mu_dis_giant,
          sprint_mu_tartarus_statrot, sprint_mu_cocytus_islands, sprint_mu_zot1]

Skill      XL: |  1  2  3  4  5  6  7  8  9 10 |
---------------+-------------------------------+-----
Stealth        | 3 4 5 6 8 9 10 | 10.7
Spellcasting   | 3 4 5 6 8 9 10 11 | 11.1
Fire Magic     | 4 6 7 9 10 11 12 13 | 13.6
Dodging        | 3 4 5 6 |  6.4
Conjurations   | 2 3 4 6 7 9 |  9.8
Short Blades   | 2 3 |  3.0
Hexes          | 1 2 |  2.2
Fighting       | 1 |  1.8
Long Blades    | 2 |  2.3
Invocations    | 2 |  2.1
Evocations     | |  0.1

Action                   |  1- 3 |  4- 6 |  7- 9 | 10-12 || total
-------------------------+-------+-------+-------+-------++-------
Melee: Dagger            |       |     1 |     3 |       ||     4
       Tentacles         |       |       |     2 |       ||     2
       Long sword        |       |       |     5 |       ||     5
       Constrict         |       |       |     2 |       ||     2
 Cast: Foxfire           |    11 |    12 |    56 |     1 ||    80
       Fireball          |       |       |    11 |     1 ||    12
       Sticky Flame      |       |       |     7 |     1 ||     8
       Inner Flame       |       |       |     2 |     1 ||     3
       Conjure Flame     |       |       |     3 |       ||     3
Invok: Channel Magic     |       |       |       |     1 ||     1
Evoke: Wand              |       |       |       |     2 ||     2
  Use: Potion            |     1 |       |     1 |       ||     2
       Scroll            |       |       |     1 |       ||     1
 Stab: Sleeping          |       |     1 |     2 |       ||     3
       Distracted        |       |       |     1 |       ||     1
Armor: Skin              |       |     1 |       |     1 ||     2
Dodge: Dodged            |     5 |     2 |    14 |     1 ||    22
       Rpst.: Long sword |       |       |     2 |     1 ||     3

Table legend: (Time is in decaauts)
 A = Elapsed time spent in this place.
 B = Non-inter-level travel time spent in this place.
 C = Inter-level travel time spent in this place.
 D = Time resting spent in this place.
 E = Time spent auto-exploring this place.
 F = Levels seen in this place.
 G = Mean time per level.
                   A        B        C        D        E       F      G
               +--------+--------+--------+--------+--------+-----+--------+
         Total |   1747 |   1747 |      0 |    854 |    131 |   1 | 1747.0 |
       Dungeon |   1747 |   1747 |      0 |    854 |    131 |   1 | 1747.0 |
               +--------+--------+--------+--------+--------+-----+--------+

Top non-repeatable levels by time:
       D: 1747 daAuts
